 Dungeon Crawl Stone Soup version 0.21.1-1-g345015f (webtiles) character file.

191 Galewin the Chopper (level 5, 0/67 HPs)
             Began as a Minotaur Berserker on July 12, 2018.
             Was a Priest of Trog.
             Killed by vampiric draining
             ... invoked by dscm's ghost
              (10 damage)
             ... on level 3 of the Dungeon.
             The game lasted 00:03:11 (1428 turns).

Galewin the Chopper (Minotaur Berserker)            Turns: 1428, Time: 00:03:13

Health: 0/67       AC:  8    Str: 28    XL:     5   Next: 42%
Magic:  4/4        EV:  9    Int:  4    God:    Trog [***...]
Gold:   145        SH:  0    Dex:  9    Spells: 4/4 levels left

rFire    . . .     SeeInvis .   a - +0 hand axe
rCold    . . .     Gourm    .   (no shield)
rNeg     . . .     Faith    .   j - +0 chain mail
rPois    .         Spirit   .   (helmet restricted)
rElec    .         Reflect  .   (no cloak)
rCorr    .         Harm     .   (no gloves)
MR       .....                  (no boots)
Stlth    ..........             (no amulet)
HPRegen  0.21/turn              (no ring)
MPRegen  0.09/turn              (no ring)

@: berserking, very quick
A: retaliatory headbutt, horns 2
a: Berserk, Trog's Hand, Burn Spellbooks, Renounce Religion


You were on level 3 of the Dungeon.
You worshipped Trog.
Trog was most pleased with you.
You were near starving.

You visited 1 branch of the dungeon, and saw 3 of its levels.

You collected 145 gold pieces.

Inventory:

Hand Weapons
 a - a +0 hand axe (weapon)
Armour
 j - a +0 chain mail (worn)
Jewellery
 n - a +5 ring of intelligence
Wands
 p - a wand of iceblast (3)
Scrolls
 d - 2 scrolls of fear {unknown}
 e - 2 scrolls of identify
 i - a scroll of enchant armour {unknown}
 l - 4 scrolls of magic mapping {unknown}
 m - a scroll of fog {unknown}
 o - a scroll of teleportation
Potions
 b - a potion of curing {unknown}
 g - 3 potions of might {unknown}
 h - 2 potions of agility {unknown}
 k - a potion of haste {unknown}
Comestibles
 c - 5 rations


   Skills:
 - Level 3.6 Fighting
 * Level 7.4 Axes
 - Level 2.4 Armour
 - Level 2.2 Dodging


You had 4 spell levels left.
You didn't know any spells.

Dungeon Overview and Level Annotations

Branches:
Dungeon (3/15)

Altars:
Ashenzari

Annotations:
D:3 dscm's ghost, amateur OpNe


Innate Abilities, Weirdness & Mutations

You reflexively headbutt those who attack you in melee.
You have a pair of horns on your head.


Message History

Trog accepts your kill.
You slash dscm's ghost!
Dscm's ghost is moderately damaged.
Dscm's ghost hits you.
* * * LOW HITPOINT WARNING * * *
You barely miss dscm's ghost.
Dscm's ghost is moderately damaged.
Dscm's ghost stares at you and mumbles some strange words.
Pain shoots through your body!
* * * LOW HITPOINT WARNING * * *
You closely miss dscm's ghost.
Dscm's ghost is moderately damaged.
You barely miss the orc. The orc closely misses you.
You hit dscm's ghost. You headbutt dscm's ghost!
Dscm's ghost is almost destroyed.
You slash the orc!
You kill the orc!
Trog accepts your kill.
Dscm's ghost is infused with unholy energy.
You die...

#.# #.#.# ..#
#.#.# #.# # ###
#.#.. ... . #.#.#
..#.# #.#.# ..#.#
####.#†# o...#
#......# ...
###.##.####$##
#........†)@W.#
##.#.#.#####)...#
....... .......
##.#.#. ......# #
#.## ......# #
....... ##.##.#
.. ..


You could see dscm's ghost and an orc.

Vanquished Creatures
  An orc wizard (D:3)
  Ijyb (D:3)
  6 adders
  An ooze (D:1)
  A worm (D:2)
  3 leopard geckos
  8 orcs (D:3)
  A ball python (D:2)
  3 giant cockroaches
  6 hobgoblins
  A jackal (D:2)
  2 quokkas (D:3)
  10 bats
  3 frilled lizards
  10 goblins
  6 kobolds
  6 rats
69 creatures vanquished.

Notes
Turn   | Place    | Note
-------+----------+-------------------------------------------
     0 | D:1      | Galewin the Minotaur Berserker began the quest for the Orb.
     0 | D:1      | Reached XP level 1. HP: 19/19 MP: 0/0
     6 | D:1      | Noticed a redback
     6 | D:1      | Noticed a hog
     7 | D:1      | Noticed a swamp worm
     7 | D:1      | Noticed a black mamba
    83 | D:1      | Reached skill level 4 in Axes
   133 | D:1      | Reached XP level 2. HP: 26/26 MP: 1/1
   665 | D:1      | Reached skill level 5 in Axes
   737 | D:2      | Reached XP level 3. HP: 31/31 MP: 2/2
   797 | D:2      | Reached ** piety under Trog
   979 | D:2      | Reached skill level 6 in Axes
   979 | D:2      | Reached XP level 4. HP: 38/39 MP: 3/3
  1287 | D:3      | Noticed Ijyb
  1299 | D:3      | Killed Ijyb
  1323 | D:3      | Reached XP level 5. HP: 38/45 MP: 4/4
  1350 | D:3      | Found a shattered altar of Ashenzari.
  1411 | D:3      | Noticed dscm's ghost (amateur OpNe)
  1416 | D:3      | Reached skill level 7 in Axes
  1423 | D:3      | Reached *** piety under Trog
  1428 | D:3      | Killed from afar by dscm's ghost

Skill      XL: |  1  2  3  4  5 |
---------------+----------------+-----
Axes           | 4 5 6 7 |  7.4
Fighting       | |  3.6
Armour         | |  2.4
Dodging        | |  2.2

Action                   |  1- 3 |  4- 6 || total
-------------------------+-------+-------++-------
Melee: Hand axe          |    56 |    73 ||   129
       Headbutt          |    10 |     5 ||    15
Invok: Berserk           |       |     1 ||     1
  Use: Scroll            |     2 |     2 ||     4
  Eat: Chunk             |       |     1 ||     1
Armor: Animal skin       |    10 |       ||    10
       Chain mail        |     6 |    43 ||    49
Dodge: Dodged            |    44 |    39 ||    83
